 Dungeon Crawl Stone Soup version 0.30.1-4-g462c640d31 (webtiles) character file.

Game seed: 248081375883247676

928 hellsdemon23 the Ruffian (level 8, -2/67 HPs)
             Began as a Ghoul Fighter on Sept 17, 2023.
             Killed by an exploding orc (16 damage)
             ... ignited by their inner flame
             ... on level 6 of the Dungeon.
             The game lasted 00:21:53 (4451 turns).

hellsdemon23 the Ruffian (Ghoul Fighter)            Turns: 4451, Time: 00:21:53

Health: -2/67      AC: 15    Str: 22      XL:     8   Next: 11%
Magic:  7/7        EV:  7    Int:  3      God:
Gold:   162        SH:  0    Dex: 13 (14) Spells: 7/7 levels left

rFire   . .          .
                       - Unarmed
rCold   + . .        (no shield)
rNeg    + + +        t - +0 plate armour
rPois   ∞            w - +2 helmet
rElec   .            (no cloak)
rCorr   .            (no gloves)
SInv    .            (no boots)
Will    .....        i - amulet of the acrobat
Stlth   x              - +6 ring of dexterity
HPRegen 0.31/turn    (no ring)
MPRegen 0.10/turn

%: acrobat
@: no status effects
A: claws 1, cold resistance 1, negative energy resistance 3, inhibited
regeneration, torment resistance 2, devour on kill
a: no special abilities


You were on level 6 of the Dungeon.
You visited 1 branch of the dungeon, and saw 6 of its levels.

You collected 162 gold pieces.

Inventory:

Armour
 b - a +0 buckler
 t - a +0 plate armour (worn)
 w - a +2 helmet (worn)
Jewellery
 i - an amulet of the acrobat (around neck)
 q - an amulet of the acrobat
 x - a +6 ring of dexterity (left claw)
 z - a +4 ring of protection
Wands
 v - a wand of polymorph (6) (quivered)
 B - a wand of flame (20)
Scrolls
 a - a scroll of amnesia
 f - 3 scrolls of identify
 j - a scroll of blinking {unknown}
 m - a scroll of fog
 n - 2 scrolls of teleportation
 p - a scroll of fear
 r - a scroll of summoning {unknown}
 s - 2 scrolls of poison
 u - a scroll of immolation
 y - a scroll of brand weapon {unknown}
Potions
 c - 2 potions of might
 d - a potion of lignification {unknown}
 e - a potion of resistance
 g - a potion of mutation
 h - a potion of magic
 k - a potion of heal wounds {unknown}
 l - a potion of invisibility {unknown}
 o - a potion of curing
 A - a potion of haste


   Skills:
 * Level 4.6 Fighting
 * Level 5.1 Armour
 * Level 2.2 Dodging
 - Level 2.6 Shields
 * Level 7.2 Unarmed Combat


You had 7 spell levels left.
You didn't know any spells.
Your spell library contained the following spells:

 Spells                   Type           Power      Damage    Failure   Level
 Ensorcelled Hibernation  Hex/Ice        0%         N/A       100%        2
 Passwall                 Tmut/Erth      0%         N/A       100%        2
 Portal Projectile        Hex/Tloc       0%         N/A       100%        3
 Swiftness                Air            0%         N/A       100%        3
 Tukima's Dance           Hex            0%         N/A       100%        3
 Blade Hands              Tmut           Unusable   N/A       N/A         5

Dungeon Overview and Level Annotations

Branches:
Dungeon (6/15)
 Temple: D:4-7

Altars:


Innate Abilities, Weirdness & Mutations

You are immune to poison.
You have sharp fingernails.
Your flesh is cold resistant. (rC+)
You are immune to negative energy. (rN+++)
You do not regenerate when monsters are visible.
You are immune to unholy pain and torment.
You thrive by killing the living.


Message History

The orc warrior is heavily wounded.
The orc warrior barely misses you. The orc hits you but does no damage.
The orc priest hits you with a +0 dagger.
Something hits you. Something hits you but does no damage.
As you read the scroll of immolation, it crumbles to dust.
The creatures around you are filled with an inner flame!
The orc warrior hits you with a +0 battleaxe!
* * * LOW HITPOINT WARNING * * *
The orc priest calls upon Beogh to heal the orc warrior.
The orc warrior is healed somewhat.
The orc hits you but does no damage. Something hits you.
* * * LOW HITPOINT WARNING * * *
You feel better. The orc warrior barely misses you.
The orc hits you but does no damage.
The orc priest hits you with a +0 dagger.
Something hits you but does no damage. x2
You scratch the orc warrior but do no damage.
The orc warrior is moderately wounded.
The orc warrior hits you but does no damage.
You claw the orc warrior!
Flame seeps out of the orc warrior.
The orc warrior is severely wounded.
The orc priest hits you but does no damage.
Something hits you but does no damage.
The orc warrior is engulfed in blazing flames.
The orc warrior explodes!
The fiery explosion engulfs the orc priest!!!
You feel better.
The fiery explosion engulfs something!!
Reactivating autopickup.
You feel a bit more experienced. The fiery explosion engulfs you.
The orc wizard explodes!
The fiery explosion engulfs something!!
You feel better.
You feel a bit more experienced.
The fiery explosion engulfs the orc!!
The fiery explosion engulfs you!!
* * * LOW HITPOINT WARNING * * *
The orc explodes!
The orc wizard explodes!
The fiery explosion engulfs the orc!
You feel better.
The orc explodes!
The fiery explosion engulfs something!!
You feel a bit more experienced. The fiery explosion engulfs you!
You die...

.### .....
.....o
#.... #....
≈ #.§.###
≈≈#.§§§○#
#≈≈.§§§@#
##
≈#~..§§§#
..
#...§.§#.#
#~...##<..#
........#.#
....#####.#
... # ##.


There were no monsters in sight!

Vanquished Creatures
  Eustachio (D:5)
  A water moccasin (D:4)
  An orc warrior (D:6)
  An ice beast (D:4)
  2 scorpions
  A hound (D:2)
  2 jellies
  3 orc priests
  An iguana (D:4)
  7 orc wizards
  Robin (D:4)
  2 adders
  2 ufetubi (D:5)
  4 worms
  4 dart slugs
  18 orcs
  3 bats
  3 endoplasms
  2 giant cockroaches
  21 goblins
  7 hobgoblins
  10 jackals
  7 kobolds
  9 quokkas
  6 ball pythons
  5 frilled lizards
  10 rats
134 creatures vanquished.

Notes
Turn   | Place    | Note
-------+----------+-------------------------------------------
     0 | D:1      | hellsdemon23 the Ghoul Fighter began the quest for the Orb.
     0 | D:1      | Reached XP level 1. HP: 19/19 MP: 0/0
   124 | D:1      | Reached XP level 2. HP: 24/26 MP: 1/1
   611 | D:1      | Reached XP level 3. HP: 33/33 MP: 2/2
  1247 | D:2      | Reached skill level 3 in Unarmed Combat
  1385 | D:2      | Reached XP level 4. HP: 39/40 MP: 3/3
  1857 | D:3      | Reached XP level 5. HP: 38/46 MP: 4/4
  2768 | D:4      | Noticed Robin
  2774 | D:4      | Reached skill level 1 in Dodging
  2785 | D:4      | Reached skill level 4 in Unarmed Combat
  2806 | D:4      | Killed Robin
  2828 | D:4      | Noticed a water moccasin
  2853 | D:4      | Killed a water moccasin
  2854 | D:4      | Reached XP level 6. HP: 23/52 MP: 5/5
  2983 | D:4      | Reached skill level 5 in Unarmed Combat
  2990 | D:4      | Noticed an ice beast
  3003 | D:4      | Killed an ice beast
  3039 | D:4      | Reached XP level 7. HP: 45/59 MP: 6/6
  3473 | D:5      | Entered Level 5 of the Dungeon
  3501 | D:5      | Reached skill level 6 in Unarmed Combat
  4167 | D:5      | Noticed Eustachio
  4226 | D:5      | Killed Eustachio
  4227 | D:5      | Reached skill level 5 in Armour
  4227 | D:5      | Reached skill level 7 in Unarmed Combat
  4227 | D:5      | Reached XP level 8. HP: 22/67 MP: 7/7
  4451 | D:6      | Killed by an exploding orc... ignited by their inner flame

Illustrated notes

Levels and vault maps discovered:
D:1:      dpeg_arrival_arbitrary_a, layout_loops_corners
D:2:      kennysheep_six_static_rooms, layout_rooms, serial_bayou_pond_e
D:3:      layout_loops_ring
D:4:      layout_rooms, uniq_robin
D:5:      layout_basic, chequers_serial_rivers_room_a, grunt_ministairs_8,
          uniq_eustachio
D:6:      nicolae_cairo_tiling_large, layout_basic,
          gammafunk_temple_overflow_claw, minivault_4

Skill      XL: |  1  2  3  4  5  6  7 |
---------------+----------------------+-----
Armour         | 3 4 5 |  5.1
Unarmed Combat | 3 4 5 7 |  7.2
Dodging        | 1 2 |  2.2
Fighting       | 4 |  4.6
Shields        | |  2.6

Action                     |  1- 3 |  4- 6 |  7- 9 || total
---------------------------+-------+-------+-------++-------
  Melee: Unarmed           |   125 |   192 |   192 ||   509
         Punch             |     4 |     7 |     3 ||    14
    Use: Scroll            |       |     5 |     2 ||     7
         Potion            |       |     4 |     2 ||     6
 Armour: Scale mail        |    11 |       |       ||    11
         Chain mail        |    44 |    48 |       ||    92
         Plate armour      |       |    64 |   214 ||   278
  Dodge: Dodged            |    85 |    84 |   147 ||   316
